 Dungeon Crawl Stone Soup version 0.31.0-11-ge490571c62 (webtiles) character file.

Game seed: 7316044527165915797

1379 Curundu the Cleaver (level 8, -4/73 HPs)
             Began as a Minotaur Berserker on Feb 4, 2024.
             Was an Elder of Trog.
             Slain by a kobold demonologist
             ... wielding a +1 long sword of freezing
              (12 damage)
             ... on level 5 of the Dungeon.
             The game lasted 00:10:05 (3357 turns).

Curundu the Cleaver (Minotaur Berserker)            Turns: 3357, Time: 00:10:06

Health: -4/73      AC:  0    Str: 23    XL:     8   Next: 39%
Magic:  7/7        EV:  8    Int:  4    God:    Trog [****..]
Gold:   246        SH:  0    Dex: 11    Spells: 7/7 levels left

rFire   . . .        a - +0 hand axe (venom)
rCold   + . .        (no shield)
rNeg    . . .        b - +0 plate armour
rPois   .            (helmet restricted)
rElec   .            (no cloak)
rCorr   .            (no gloves)
SInv    .            (no boots)
Will    ++...        (no amulet) Stlth
                     s - ring of protection from cold
HPRegen 1.32/turn    (no ring)
MPRegen 0.10/turn

%: no passive effects
@: strong-willed (expiring), corroded, on berserk cooldown, regenerating
(expiring), slowed, very slow
A: horns 2, retaliatory headbutt
a: Renounce Religion, Berserk, Trog's Hand, Brothers in Arms


You were on level 5 of the Dungeon.
You worshipped Trog.
Trog was greatly pleased with you.
You visited 1 branch of the dungeon, and saw 5 of its levels.

You collected 246 gold pieces.

Inventory:

Hand Weapons
 a - a +0 hand axe of venom (weapon)
 d - a +0 war axe
Missiles
 r - 6 boomerangs (quivered)
Armour
 b - a +0 plate armour (worn)
Jewellery
 s - a ring of protection from cold (left hand)
Wands
 i - a wand of polymorph (12)
Scrolls
 e - 2 scrolls of revelation
 g - 2 scrolls of teleportation
 h - 2 scrolls of immolation
 m - 2 scrolls of identify {unknown}
 o - a scroll of summoning {unknown}
 q - 3 scrolls of fog {unknown}
Potions
 c - a potion of haste {unknown}
 f - a potion of lignification {unknown}
 j - 2 potions of curing
 k - a potion of degeneration {unknown}
 n - 2 potions of enlightenment {unknown}
 p - a potion of mutation {unknown}
 t - 2 potions of attraction {unknown}


   Skills:
 + Level 7.0 Fighting
 + Level 8.8 Axes
 + Level 5.7 Armour
 + Level 4.6 Dodging
 + Level 1.5 Stealth


You had 7 spell levels left.
You didn't know any spells.
Your spell library was empty.

Dungeon Overview and Level Annotations

Branches:
Dungeon (5/15)
 Temple: D:4-7

Altars:
Cheibriados
Elyvilon
Hepliaklqana
Wu Jian


Innate Abilities, Weirdness & Mutations

You have a pair of horns on your head.
You reflexively headbutt those who attack you in melee.


Message History

You headbutt the rust devil! You hit the rust devil.
The rust devil is severely wounded.
The rust devil closely misses you.
You closely miss the rust devil.
The rust devil is severely wounded.
The kobold demonologist casts a spell.
You closely miss the rust devil.
The rust devil is severely wounded.
The ufetubus disappears in a puff of smoke!
The rust devil hits you. The rust devil corrodes you!
The kobold demonologist gestures wildly while chanting.
You barely miss the rust devil.
The rust devil is severely wounded.
The ufetubus disappears in a puff of smoke!
The quasit disappears in a puff of smoke!
The rust devil hits you.
* * * LOW HITPOINT WARNING * * *
The rust devil corrodes you!
You hit the rust devil but do no damage.
You headbutt the rust devil.
The rust devil is almost dead.
The rust devil hits you!
* * * LOW HITPOINT WARNING * * *
The rust devil corrodes you!
You hit the rust devil but do no damage.
The rust devil is almost dead.
You feel the effects of Trog's Hand fading.
The rust devil disappears in a puff of smoke!
You closely miss the kobold demonologist.
You are no longer berserk.
You are exhausted.
You feel as though you will be slow longer.
The kobold demonologist hits you with a +1 long sword of freezing!
* * * LOW HITPOINT WARNING * * *
The kobold demonologist freezes you.
* * * LOW HITPOINT WARNING * * *
It was a potion of curing.
You feel better.
The kobold demonologist hits you with a +1 long sword of freezing!
You die...

#....##..###..
####....#########
##..#.............
#................. . #
#...##...##.####..
#.#.#####..##...##.####..
....... #..##.......#....
#....55##..##.......'....
#....53K@...........#....
......Y##..##...##'####..
..##### #..##...##.#####'
##..##...#....#...
#)...+...+....#...
##..##...##..###..
#..##...#########
+........#.......
#........#.......


You could see a sun demon (summoned), a kobold demonologist, an ice beast, an
iron imp (summoned), a quasit (summoned) and a shadow imp (summoned).

Vanquished Creatures
  Sigmund (D:4)
  A wraith (D:5)
  An ice beast (D:5)
  3 phantoms
  4 scorpions (D:5)
  A howler monkey (D:4)
  3 hounds
  A jelly (D:5)
  3 iguanas (D:5)
  Natasha (thrice) (D:4)
  13 adders
  A dart slug (D:2)
  4 ribbon worms
  9 orcs
  8 ball pythons
  9 endoplasms
  A giant cockroach (D:1)
  12 goblins
  7 hobgoblins
  A quokka (D:3)
  4 bats
  3 frilled lizards
  9 kobolds
  6 rats
108 creatures vanquished.

Notes
Turn   | Place    | Note
-------+----------+-------------------------------------------
     0 | D:1      | Curundu the Minotaur Berserker began the quest for the Orb.
     0 | D:1      | Reached XP level 1. HP: 19/19 MP: 0/0
    86 | D:1      | Reached skill level 4 in Axes
    86 | D:1      | Reached XP level 2. HP: 25/27 MP: 1/1
   441 | D:1      | Found a faded altar of an unknown god.
   494 | D:2      | Reached ** piety under Trog
   518 | D:2      | Reached XP level 3. HP: 25/33 MP: 2/2
   749 | D:2      | Reached XP level 4. HP: 33/41 MP: 3/3
   755 | D:2      | Reached skill level 5 in Axes
  1650 | D:3      | Reached XP level 5. HP: 44/47 MP: 4/4
  1723 | D:3      | Found a snail-covered altar of Cheibriados.
  1739 | D:3      | Found a white marble altar of Elyvilon.
  1930 | D:3      | Reached *** piety under Trog
  2120 | D:4      | Noticed Natasha
  2136 | D:4      | Killed Natasha
  2318 | D:4      | Noticed a phantom
  2324 | D:4      | Noticed Natasha
  2329 | D:4      | Killed a phantom
  2330 | D:4      | Reached skill level 5 in Fighting
  2330 | D:4      | Reached skill level 6 in Axes
  2330 | D:4      | Reached skill level 1 in Stealth
  2330 | D:4      | Reached XP level 6. HP: 42/56 MP: 5/5
  2333 | D:4      | Killed Natasha
  2345 | D:4      | Noticed Natasha
  2351 | D:4      | Killed Natasha
  2588 | D:4      | Noticed Sigmund
  2603 | D:4      | Killed Sigmund
  2604 | D:4      | Reached skill level 7 in Axes
  2604 | D:4      | Reached XP level 7. HP: 58/62 MP: 6/6
  2652 | D:4      | Found an ornate altar of the Wu Jian Council.
  2782 | D:5      | Entered Level 5 of the Dungeon
  2960 | D:5      | Found a hazy altar of Hepliaklqana.
  3125 | D:5      | Reached skill level 5 in Armour
  3125 | D:5      | Reached XP level 8. HP: 71/71 MP: 7/7
  3148 | D:5      | Reached skill level 8 in Axes
  3320 | D:5      | Reached **** piety under Trog
  3331 | D:5      | Noticed a kobold demonologist
  3333 | D:5      | Noticed a rust devil
  3352 | D:5      | Noticed a sun demon
  3356 | D:5      | HP: 2/73 [kobold demonologist/+1 long sword of freezing
                  | (11)]
  3357 | D:5      | Slain by a kobold demonologist

Illustrated notes

Levels and vault maps discovered:
D:1:      wander_arrival_fairy_ring, layout_rooms,
          shapermc_ecumenical_altar_hornbeckon, minmay_fountain_box
D:2:      layout_basic
D:3:      layout_loops_ring, mainiacjoe_overflow_big_doors, kennysheep_donut
D:4:      layout_rooms, lemuel_round_altar, uniq_sigmund, uniq_natasha
D:5:      layout_gridville, lemuel_crystal_altar, minmay_temple_entry_offerings,
          minmay_manual_mess

Skill      XL: |  1  2  3  4  5  6  7  8 |
---------------+-------------------------+-----
Axes           | 4 5 6 7 8 |  8.8
Fighting       | 4 5 6 7 |  7.0
Dodging        | 3 4 |  4.6
Stealth        | 1 |  1.5
Armour         | 3 5 |  5.7

Action                     |  1- 3 |  4- 6 |  7- 9 || total
---------------------------+-------+-------+-------++-------
  Melee: Hand axe          |    58 |   143 |    81 ||   282
         Headbutt          |     6 |    21 |    23 ||    50
         Punch             |     1 |     1 |     1 ||     3
 Invoke: Trog's Hand       |       |     1 |     1 ||     2
         Berserk           |       |       |     1 ||     1
    Use: Scroll            |       |     8 |       ||     8
         Potion            |       |       |     1 ||     1
 Armour: Animal skin       |    30 |    51 |       ||    81
         Scale mail        |       |    60 |       ||    60
         Chain mail        |       |     5 |     4 ||     9
         Plate armour      |       |       |    67 ||    67
  Dodge: Dodged            |    39 |    96 |    36 ||   171
